 Dungeon Crawl Stone Soup version 0.31-a0-267-g3fc6992b3b (webtiles) character file.

Game seed: 9332013570995277281

98 qw the Shooter (level 4, -2/26 HPs)
             Began as a Gargoyle Hexslinger on July 13, 2023.
             Slain by a gnoll
             ... wielding a +0 whip
              (6 damage)
             ... on level 3 of the Dungeon.
             The game lasted 00:00:53 (2383 turns).

qw the Shooter (Gargoyle Hexslinger)                Turns: 2383, Time: 00:00:54

Health: -2/26      AC:  8    Str: 12    XL:     4   Next: 71%
Magic:  5/5        EV: 10    Int: 13    God:
Gold:   126        SH:  0    Dex: 14    Spells: 4/5 levels left

rFire   . . .        Y - +1 sling
rCold   . . .        (no shield)
rNeg    + . .        e - +0 ring mail
rPois   inf          (helmet restricted)
rElec   +            (no cloak)
rCorr   +            (no gloves)
SInv    .            (no boots)
Will    .....        (no amulet)
Stlth   +            i - ring of resist corrosion
HPRegen 0.24/turn    (no ring)
MPRegen 0.09/turn

%: no passive effects
@: no status effects
A: sickness immunity, AC +3, negative energy resistance 1, electricity
resistance, torment resistance 1, petrification resistance, antennae 1, subdued
magic 1
a: no special abilities


You were on level 3 of the Dungeon.
You visited 1 branch of the dungeon, and saw 3 of its levels.

You collected 126 gold pieces.


Innate Abilities, Weirdness & Mutations

You are immune to sickness and miasma.
Your stone body is resilient. (AC +3)
You are immune to poison.
You resist negative energy. (rN+)
You are resistant to electric shocks. (rElec)
You are resistant to unholy torment.
You are immune to petrification.
You have a pair of small antennae on your head.
Your spells are a little easier to cast, but a little less powerful.


   Skills:
 - Level 2.0 Fighting
 + Level 4.3 Ranged Weapons
 - Level 1.0 Armour
 - Level 1.5 Dodging
 - Level 1.0 Spellcasting
 - Level 2.6 Hexes


You had 4 spell levels left.
You knew the following spells:

 Your Spells              Type           Power      Damage    Failure   Level
a - Slow                  Hex            20%        N/A       19%         1

Your spell library contained the following spells:

 Spells                   Type           Power      Damage    Failure   Level
 Inner Flame              Hex/Fire       3%         N/A       69%         3
 Portal Projectile        Hex/Tloc       6%         N/A       69%         3
 Cause Fear               Hex            2%         N/A       89%         4

Inventory:

Hand Weapons
 Y - a +1 sling (weapon)
Armour
 a - a +0 cloak
 e - a +0 ring mail (worn)
Jewellery
 i - a ring of resist corrosion (left hand)
Scrolls
 f - a scroll of noise {unknown}
 j - 3 scrolls of identify
Potions
 b - a potion of mutation
 c - a potion of cancellation
 d - 2 potions of curing
 g - 2 potions of brilliance {unknown}
 h - 2 potions of ambrosia {unknown}

Dungeon Overview and Level Annotations

Branches:
Dungeon (3/15)

Altars:
Kikubaaqudgha
Ru
The Shining One


Message History

Enter note: A gnoll comes into view. It is wielding a +0 spear.
The gnoll shouts!
A gnoll comes into view. It is wielding a +0 whip.
Enter note:
Enter note:
Enter note:
Enter note:
Enter note:
Enter note: You shoot a sling bullet.
The sling bullet hits the gnoll.
The gnoll is heavily wounded.
You shoot a sling bullet. The sling bullet hits the gnoll.
The gnoll is moderately wounded.
A gnoll comes into view. It is wielding a +0 whip.
The gnoll barely misses you.
You shoot a sling bullet. The sling bullet hits the gnoll.
The gnoll is heavily wounded.
A hobgoblin comes into view.
The gnoll hits you from afar with a +0 halberd!
The gnoll misses you.
You shoot a sling bullet.
The sling bullet barely misses the gnoll.
The hobgoblin shouts!
The gnoll hits you from afar with a +0 halberd!
The gnoll barely misses you.
You shoot a sling bullet.
The sling bullet hits the gnoll but does no damage.
The gnoll barely misses you. The gnoll misses you.
The gnoll hits you but does no damage.
You shoot a sling bullet. The sling bullet hits the gnoll.
The gnoll is heavily wounded.
The gnoll hits you with a +0 whip. The gnoll barely misses you.
The gnoll closely misses you. The gnoll barely misses you.
The gnoll hits you but does no damage.
The gnoll hits you from afar with a +0 halberd.
You shoot a sling bullet.
The sling bullet barely misses the gnoll.
The gnoll barely misses you. The gnoll hits you with a +0 whip.
You die...

##..##
...P...###_..P#
..PP..##P..P.###
..P..###_.}.'.#
..g..##....#.#
.. PP...#_.P.#.#
#. .
g.g.##..##.# ..
. #gg.#P##P#.#
.# .# . #@# ##
##.# .##.#.. #.#
#.# ####.......
#.# #.#
........# #.#
##.# #.#
.....##.# #.#
#..# #.#
###.#.#.# #.#
#.#########.#
##.## ..# #.#
#........##.#
..## ##.# #.#
########.##.#
##.###..# #.#
#.##.#


You could see 4 gnolls and a hobgoblin.

Vanquished Creatures
  3 adders
  A worm (D:3)
  4 dart slugs
  An orc (D:3)
  3 bats
  4 endoplasms
  3 giant cockroaches
  5 goblins
  4 hobgoblins
  4 jackals (D:3)
  5 kobolds
  10 ball pythons
  4 frilled lizards
  6 rats
57 creatures vanquished.

Notes
Turn   | Place    | Note
-------+----------+-------------------------------------------
     0 | D:1      | qw the Gargoyle Hexslinger began the quest for the Orb.
     0 | D:1      | Reached XP level 1. HP: 12/12 MP: 2/2
     0 | D:1      | Noticed a felid
     0 | D:1      | Noticed a spriggan
     0 | D:1      | 0 ||| qw: Version: 0.3-a-52-g30416fa
     0 | D:1      | 0 ||| qw: Game counter: 7676
     0 | D:1      | 0 ||| qw: Melee chars always use a shield: true
     0 | D:1      | 0 ||| qw: God list: Okawaru
     0 | D:1      | 0 ||| qw: Allow faded altars: false
     0 | D:1      | 0 ||| qw: Do Orc after clearing Dungeon:15 true
     0 | D:1      | 0 ||| qw: Do second Lair branch before Depths: true
     0 | D:1      | 0 ||| qw: Lair rune preference: random
     0 | D:1      | 0 ||| qw: Goals: Normal
     0 | D:1      | 0 ||| PLANNING D:1-11
     2 | D:1      | Noticed a merfolk
     6 | D:1      | Noticed a barachi
     7 | D:1      | Noticed a human
     8 | D:1      | Noticed a vampire
     9 | D:1      | Noticed a barachi
    13 | D:1      | Noticed a merfolk
    15 | D:1      | Noticed a demigod
    17 | D:1      | Noticed an ogre
    17 | D:1      | Noticed a vine stalker
    17 | D:1      | Noticed an octopode
   172 | D:1      | 172 ||| Stepping ~*~*~tactically~*~*~ (outnumbered).
   181 | D:1      | Reached XP level 2. HP: 16/16 MP: 3/3
   206 | D:1      | Reached skill level 3 in Ranged Weapons
   360 | D:1      | Reached XP level 3. HP: 21/21 MP: 4/4
   829 | D:1      | 829 ||| UPGRADING to +0 ring mail.
   839 | D:1      | 839 ||| DROPPING +0 robe.
   840 | D:1      | 840 ||| DRINKING 2 bubbling green potions.
   841 | D:1      | 841 ||| DROPPING scroll of poison.
  1021 | D:2      | Reached XP level 4. HP: 13/26 MP: 5/5
  1329 | D:2      | Found a faded altar of an unknown god.
  1341 | D:2      | Reached skill level 4 in Ranged Weapons
  1831 | D:2      | 1831 ||| UPGRADING to ring of resist corrosion.
  1832 | D:2      | 1832 ||| READING scroll labelled FUEHIKK LUXEHE.
  1833 | D:2      | 1833 ||| DRINKING 3 fizzy cyan potions.
  1833 | D:2      | Gained mutation: You are frail. (-10% HP) [potion of
                  | mutation]
  1833 | D:2      | Gained mutation: Your flesh is heat resistant. (rF+)
                  | [potion of mutation]
  1833 | D:2      | Gained mutation: Your spells are a little harder to cast,
                  | but a little more powerful. [potion of mutation]
  1834 | D:2      | 1834 ||| DRINKING 2 potions of mutation.
  1834 | D:2      | Lost mutation: You are frail. (-10% HP) [potion of
                  | mutation]
  1834 | D:2      | Lost mutation: Your flesh is heat resistant. (rF+) [potion
                  | of mutation]
  1834 | D:2      | Lost mutation: Your spells are a little harder to cast, but
                  | a little more powerful. [potion of mutation]
  1834 | D:2      | Gained mutation: Your spells are a little easier to cast,
                  | but a little less powerful. [potion of mutation]
  1834 | D:2      | Gained mutation: You have a pair of small antennae on your
                  | head. [potion of mutation]
  1844 | D:2      | 1844 ||| DRINKING 2 bubbling red potions.
  1940 | D:3      | Reached skill level 1 in Armour
  1940 | D:3      | Identified the +4 whip "Jesut" {heavy, rPois Will+ Int-5
                  | Dex+3}
  2323 | D:3      | Found a sacrificial altar of Ru.
  2323 | D:3      | Found a glowing golden altar of the Shining One.
  2324 | D:3      | Found an ancient bone altar of Kikubaaqudgha.
  2382 | D:3      | HP: 3/26 [gnoll/+0 halberd (5)]
  2383 | D:3      | Slain by a gnoll

Levels and vault maps discovered:
D:1:      shiori_arrival_whats_in_store_for_you, layout_basic
D:2:      layout_basic, nicolae_ecumenical_snake_handling,
          minmay_fractal_squares_5
D:3:      layout_loops_ring, mainiacjoe_overflow_alcove_2,
          gammafunk_temple_overflow_forgotten, nicolae_grassy_gnolls

Skill      XL: |  1  2  3  4 |
---------------+-------------+-----
Ranged Weapons | 3 4 |  4.3
Fighting       | 2 |  2.0
Armour         | 1 |  1.0
Dodging        | |  1.5
Spellcasting   | |  1.0
Hexes          | |  2.6

Action                     |  1- 3 |  4- 6 || total
---------------------------+-------+-------++-------
   Fire: Sling             |   136 |   102 ||   238
    Use: Potion            |     1 |     3 ||     4
         Scroll            |       |     1 ||     1
 Armour: Robe              |    11 |       ||    11
         Ring mail         |    73 |    45 ||   118
  Dodge: Dodged            |    91 |    71 ||   162

Table legend:
 A = Non-vault XP
 B = Vault XP
 C = Vault XP percentage of total XP
 D = Non-vault monster count
 E = Vault monster count
 F = Vault count percentage of total count
                 A         B        C        D         E       F
            +---------+---------+-------+---------+---------+-------
      Total |     102 |      39 |  27.7 |      48 |       9 |  15.8
            +---------+---------+-------+---------+---------+-------
        D:1 |      45 |       0 |   0.0 |      24 |       0 |   0.0
        D:2 |      18 |      39 |  68.4 |       9 |       9 |  50.0
        D:3 |      39 |       0 |   0.0 |      15 |       0 |   0.0
            +---------+---------+-------+---------+---------+-------
